 Dungeon Crawl Stone Soup version 0.23.2-40-g277498a001 (webtiles) character file.

Game seed: 8705505816000685805

1425 Aggronaut the Cleaver (level 8, 0/63 HPs)
             Began as a Green Draconian Berserker on Oct 22, 2019.
             Was an Elder of Trog.
             Slain by a centaur
             ... wielding a +0 war axe
              (11 damage)
             ... on level 7 of the Dungeon.
             The game lasted 00:15:16 (5755 turns).

Aggronaut the Cleaver (Green Draconian Berserker)   Turns: 5755, Time: 00:15:16

Health: 0/63       AC: 10    Str: 20    XL:     8   Next: 44%
Magic:  8/8        EV: 15    Int:  8    God:    Trog [****..]
Gold:   208        SH:  0    Dex: 12    Spells: 7/7 levels left

rFire    + . .     SeeInvis .   q - +0 war axe
rCold    . . .     Gourm    .   (no shield)
rNeg     . . .     Faith    .   (armour unavailable)
rPois    +         Spirit   .   (helmet restricted)
rElec    .         Reflect  .   s - +0 cloak
rCorr    .         Harm     .   d - +0 pair of gloves
MR       .....                  (no boots)
Stlth    +.........             (no amulet)
HPRegen  0.20/turn              h - ring of protection from fire
MPRegen  0.11/turn              y - +2 ring of protection

@: no status effects
A: breathe noxious fumes, unfitting armour, poison resistance, cold-blooded, AC
+6
a: Breathe Noxious Fumes, Berserk, Trog's Hand, Brothers in Arms, Renounce
Religion


You were on level 7 of the Dungeon.
You worshipped Trog.
Trog was greatly pleased with you.
You were not hungry.

You visited 1 branch of the dungeon, and saw 7 of its levels.

You collected 289 gold pieces.
You spent 81 gold pieces at shops.

Inventory:

Hand Weapons
 q - a +0 war axe (weapon)
Missiles
 e - 5 tomahawks (quivered)
Armour
 d - a +0 pair of gloves (worn)
 s - a +0 cloak (worn)
Jewellery
 h - a ring of protection from fire (left hand)
 t - an uncursed ring of protection from magic
 y - a +2 ring of protection (right hand)
Wands
 f - a wand of iceblast (8)
 v - a wand of disintegration (11)
Scrolls
 c - a scroll of immolation {unknown}
 g - a scroll of enchant weapon {unknown}
 l - a scroll of remove curse
 m - a scroll of blinking {unknown}
 o - a scroll of random uselessness {unknown}
 p - a scroll of fear
 r - a scroll of noise {unknown}
 u - a scroll of amnesia {unknown}
 x - a scroll of fog {unknown}
 z - a scroll of teleportation {unknown}
 A - a scroll of magic mapping {unknown}
Potions
 a - 3 potions of haste
 i - 2 potions of heal wounds
 j - 3 potions of curing
 k - a potion of cancellation
 n - a potion of flight
 w - 2 potions of brilliance
Comestibles
 b - 7 rations


   Skills:
 - Level 3.2 Fighting
 * Level 9.1 Axes
 + Level 6.1 Dodging


You had 7 spell levels left.
You didn't know any spells.
Your spell library was empty.

Dungeon Overview and Level Annotations

Branches:
Dungeon (7/15)
 Temple: D:4-7

Altars:
Ashenzari
Gozag
Nemelex Xobeh
Okawaru
Qazlal
Ru
Zin

Shops:
D:4 [   D:5 [


Innate Abilities, Weirdness & Mutations

You can breathe blasts of noxious fumes.
Your lurid green scales are hard. (AC +6)
You cannot fit into any form of body armour.
Your system is resistant to poisons. (rPois)
You are cold-blooded and may be slowed by cold attacks.


Message History

a +0 dagger; a +0 robe; 2 arrows; an orc corpse You fail to use your ability.
The centaur hits you but does no damage.
The orc wizard hits you with a +0 dagger.
The orc warrior hits you with a +0 morningstar!
The wight completely misses you. The orc wizard barely misses you.
Unknown command.
The orc wizard hits you but does no damage.
You see here an arrow.
You slash the orc warrior!
The orc warrior is moderately wounded.
You hit the adder zombie. You hit the wight. You slash the orc!
You kill the orc!
Trog accepts your kill.
You hit the orc wizard. The orc wizard misses you.
The orc warrior hits you with a +0 morningstar!
* * * LOW HITPOINT WARNING * * *
A wight comes into view. It is wielding a +5 long sword.
The adder zombie closely misses you. The centaur hits you with a +0 war axe!
You die...

#........##..
#..z.........
#.......##...
#.....###
#.....#
#....##


#ozo(# #Zzco# #.@o.# #..o.# #....# #....# #....# ##.(.# #...# #...# #...# You
could see an orc warrior, a centaur, 3 wights, 2 orc wizards, 2 orcs and an
adder zombie.

Vanquished Creatures
  Grinder (D:4)
  Edmund (D:4)
  A sky beast (D:5)
  An ice beast (D:5)
  An ogre (D:4)
  A centaur (D:5)
  A bullfrog (D:6)
  3 scorpions
  A crimson imp (D:5)
  A bullfrog zombie (D:6)
  A bullfrog skeleton (D:5)
  2 orc priests (D:4)
  2 orc wizards (D:6)
  4 worker ants (D:5)
  A hound skeleton (D:6)
  A worker ant zombie (D:6)
  4 gnolls (D:5)
  6 adders
  A shadow imp (D:5)
  An ooze (D:1)
  An adder skeleton (D:4)
  2 worms
  2 leopard geckos
  12 orcs
  13 bats
  6 giant cockroaches
  15 hobgoblins
  5 quokkas
  A ball python (D:2)
  8 frilled lizards
  3 goblins
  6 kobolds
  8 rats
117 creatures vanquished.

Vanquished Creatures (others)
  An iguana (D:6)
  An orc wizard (D:7)
  A leopard gecko (D:6)
  An orc (D:6)
4 creatures vanquished.

Grand Total: 121 creatures vanquished

Notes
Turn   | Place    | Note
-------+----------+-------------------------------------------
     0 | D:1      | Aggronaut the Draconian Berserker began the quest for the
                  | Orb.
     0 | D:1      | Reached XP level 1. HP: 19/19 MP: 1/1
   109 | D:1      | Reached XP level 2. HP: 26/26 MP: 2/2
   429 | D:1      | Reached XP level 3. HP: 30/31 MP: 3/3
   753 | D:2      | Reached ** piety under Trog
   753 | D:2      | Reached skill level 4 in Axes
  1374 | D:2      | Reached XP level 4. HP: 32/38 MP: 4/4
  2663 | D:3      | Found an opulent altar of Gozag.
  2663 | D:3      | Found a glowing silver altar of Zin.
  2929 | D:4      | Found Nagyagi's Antique Armour Shoppe.
  2945 | D:4      | Noticed an ogre
  2946 | D:4      | Bought a cloak for 81 gold pieces
  2958 | D:4      | Killed an ogre
  2958 | D:4      | Reached skill level 5 in Axes
  2958 | D:4      | Reached XP level 5. HP: 39/45 MP: 5/5
  2959 | D:4      | Reached *** piety under Trog
  3067 | D:4      | Reached XP level 6. HP: 51/51 MP: 6/6
  3113 | D:4      | Noticed Grinder
  3122 | D:4      | Paralysed by Grinder for 5 turns
  3171 | D:4      | Paralysed by Grinder for 7 turns
  3186 | D:4      | Killed Grinder
  3186 | D:4      | Reached skill level 6 in Axes
  3249 | D:4      | Found a shattered altar of Ashenzari.
  3284 | D:4      | Noticed Edmund
  3300 | D:4      | Killed Edmund
  3300 | D:4      | Your scales start taking on a lurid green colour.
  3300 | D:4      | Reached XP level 7. HP: 36/57 MP: 7/7
  3300 | D:4      | Gained mutation: Your system is resistant to poisons.
                  | (rPois) [Green Draconian growth]
  3631 | D:4      | Reached skill level 7 in Axes
  3827 | D:5      | Entered Level 5 of the Dungeon
  3928 | D:5      | Reached skill level 5 in Dodging
  4256 | D:5      | Found a sparkling altar of Nemelex Xobeh.
  4257 | D:5      | Found an iron altar of Okawaru.
  4315 | D:5      | Reached skill level 8 in Axes
  4376 | D:5      | Reached XP level 8. HP: 56/63 MP: 8/8
  4602 | D:5      | Found Dedghan's Armour Shoppe.
  5084 | D:6      | Reached **** piety under Trog
  5213 | D:6      | Reached skill level 9 in Axes
  5257 | D:6      | Found a sacrificial altar of Ru.
  5262 | D:6      | Found a stormy altar of Qazlal.
  5755 | D:7      | Slain by a centaur

Skill      XL: |  1  2  3  4  5  6  7  8 |
---------------+-------------------------+-----
Dodging        | 3 4 5 6 |  6.1
Axes           | 4 5 6 8 9 |  9.1
Fighting       | |  3.2

Action                   |  1- 3 |  4- 6 |  7- 9 || total
-------------------------+-------+-------+-------++-------
Melee: Hand axe          |   167 |    14 |       ||   181
       Tailslap          |    20 |    16 |    34 ||    70
       War axe           |       |   100 |   169 ||   269
Invok: Berserk           |       |     4 |     2 ||     6
       Trog's Hand       |       |     1 |       ||     1
 Abil: Breathe Noxious F |       |       |     2 ||     2
  Use: Scroll            |       |     6 |     3 ||     9
       Potion            |       |       |     1 ||     1
 Stab: Sleeping          |       |     2 |       ||     2
  Eat: Chunk             |     2 |     6 |     5 ||    13
       Ration            |       |     1 |     2 ||     3
Armor: Skin              |    64 |    29 |    51 ||   144
Dodge: Dodged            |   138 |    69 |   115 ||   322
